 Dungeon Crawl Stone Soup version 0.29-a0-757-g358383bc75 (webtiles) character file.

Game seed: 521729677189175553

123 Anon1729 the Ducker (level 5, -1/42 HPs)
             Began as a Merfolk Monk on June 30, 2022.
             Killed by nerve-wracking pain
             ... invoked by an orc priest
              (12 damage)
             ... on level 3 of the Dungeon.
             The game lasted 00:01:51 (2899 turns).

Anon1729 the Ducker (Merfolk Monk)                  Turns: 2899, Time: 00:01:52

Health: -1/42      AC:  3    Str: 12    XL:     5   Next: 7%
Magic:  5/5        EV: 18    Int: 11    God:
Gold:   202        SH:  0    Dex: 16    Spells: 4/4 levels left

rFire   . . .      SeeInvis .     - Unarmed
rCold   . . .      Faith    .   (no shield)
rNeg    . . .      Spirit   .   a - +0 robe
rPois   .          Reflect  .   (no helmet)
rElec   .          Harm     .   (no cloak)
rCorr   .          Rampage  .   n - +0 pair of gloves
Will    .....                   (no boots)
Stlth   ++........              (no amulet)
HPRegen 0.14/turn               e - +4 ring of evasion
MPRegen 0.09/turn               (no ring)

@: no status effects
A: (nimble swimmer 2), mertail
a: no special abilities


You were on level 3 of the Dungeon.
You visited 1 branch of the dungeon, and saw 3 of its levels.

You collected 202 gold pieces.

Inventory:

Armour
 a - a +0 robe (worn)
 n - a +0 pair of gloves (worn)
Jewellery
 e - a +4 ring of evasion (left hand)
 g - a ring of see invisible
Wands
 q - a wand of paralysis (11)
Scrolls
 c - 2 scrolls of vulnerability {unknown}
 d - a scroll of fear {unknown}
 i - 2 scrolls of identify {unknown}
 k - a scroll of fog {unknown}
 o - a scroll of enchant weapon {unknown}
 p - 2 scrolls of enchant armour {unknown}
 r - a scroll of teleportation {unknown}
 s - a scroll of poison {unknown}
 u - a scroll of amnesia {unknown}
Potions
 b - a potion of ambrosia
 f - 3 potions of curing {unknown}
 h - 3 potions of haste {unknown}
 j - a potion of magic {unknown}
 l - a potion of heal wounds {unknown}
 m - a potion of attraction {unknown}
 t - a potion of berserk rage {unknown}


   Skills:
 + Level 4.2 Fighting
 + Level 5.0 Dodging
 + Level 3.5 Stealth
 + Level 4.2 Unarmed Combat


You had 4 spell levels left.
You didn't know any spells.
Your spell library contained the following spells:

 Spells                   Type           Power      Damage    Failure   Level
 Freeze                   Ice            0%         1d3       34%         1
 Sandblast                Erth           0%         2d4       34%         1
 Ensorcelled Hibernation  Hex/Ice        0%         N/A       47%         2
 Passwall                 Tmut/Erth      0%         N/A       47%         2
 Frozen Ramparts          Ice            0%         1d2       71%         3
 Stone Arrow              Conj/Erth      0%         3d7       71%         3
 Swiftness                Air            0%         N/A       71%         3
 Hailstorm                Conj/Ice       0%         3d3       98%         4
 Ice Form                 Ice/Tmut       0%         N/A       98%         4
 Summon Ice Beast         Ice/Summ       0%         N/A       98%         4


Dungeon Overview and Level Annotations

Branches:
Dungeon (3/15)

Altars:


Innate Abilities, Weirdness & Mutations

((You are very nimble when in or above water. (Stealth+, EV+, Speed+++)))
Your lower body shifts to a powerful aquatic tail in water.


Message History

The orc is almost dead.
The orc barely misses you.
You hit the orc but do no damage.
The orc is almost dead.
The orc misses you. The orc closely misses you. The orc barely misses you.
You closely miss the orc.
The orc is almost dead.
The orc barely misses you. The orc completely misses you.
The orc hits you with a +0 short sword.
You hit the orc.
You kill the orc!
The orc barely misses you.
You closely miss the orc priest. The orc closely misses you.
The orc priest barely misses you. The orc closely misses you.
You closely miss the orc priest. The orc barely misses you.
The orc priest completely misses you.
The orc hits you from afar with a +0 trident.
You barely miss the orc priest. The orc completely misses you.
The orc priest closely misses you. The orc hits you but does no damage.
You punch the orc priest!
The orc priest is heavily wounded.
The orc misses you. The orc priest hits you with a +0 mace.
You hit the orc priest.
The orc priest is severely wounded.
The orc misses you. The orc closely misses you.
The orc priest calls down the wrath of Beogh upon you.
Pain shoots through your body!
You hit the orc priest but do no damage.
The orc priest is severely wounded.
The orc misses you. The orc closely misses you.
The orc priest invokes the aid of Beogh against you.
Pain shoots through your body!
You barely miss the orc priest.
The orc priest is severely wounded.
The orc hits you from afar with a +0 trident.
* * * LOW HITPOINT WARNING * * *
The orc misses you.
The orc priest calls down the wrath of Beogh upon you.
Pain shoots through your body!
You die...

#...##.....[##.#.#.###.#.#.#..##.
#.#.#.......†..#.#.# #.#.#.#..##.
....#........#.#.#.###.#.#.......
#.#.#........#...................
#.#..........#.#.#.#####.#.#..##.
#.#.##......##.#.#.#####.#.#..##.
#.#.###....##.................##.
#.#.# ######...).................
....# ......o)@................
#...# ###)..#oo)..#####.#...#.
#...# #...............#...#.
#...# #.....................
#...# #..##..##.##.......##.
#...########..##..##.##.......##.
#†..#.............##...###.##.##.
.................................
..............###.##.###....#.##.


You could see an orc priest and 2 orcs.

Vanquished Creatures
  Jessica (D:3)
  2 adders (D:3)
  A worm (D:2)
  2 orcs (D:3)
  2 ball pythons
  4 bats
  5 endoplasms
  13 giant cockroaches
  6 goblins
  8 hobgoblins
  4 jackals (D:2)
  3 kobolds
  5 quokkas
  2 frilled lizards
  5 rats
63 creatures vanquished.

Notes
Turn   | Place    | Note
-------+----------+-------------------------------------------
     0 | D:1      | Anon1729 the Merfolk Monk began the quest for the Orb.
     0 | D:1      | Reached XP level 1. HP: 18/18 MP: 1/1
   186 | D:1      | Reached XP level 2. HP: 24/24 MP: 2/2
   931 | D:2      | Reached XP level 3. HP: 26/29 MP: 3/3
  1168 | D:2      | Found a faded altar of an unknown god.
  1934 | D:3      | Reached XP level 4. HP: 37/37 MP: 4/4
  2575 | D:3      | Noticed Jessica
  2583 | D:3      | Killed Jessica
  2584 | D:3      | Reached skill level 5 in Dodging
  2584 | D:3      | Reached XP level 5. HP: 35/42 MP: 5/5
  2899 | D:3      | Killed from afar by an orc priest

Illustrated notes

Levels and vault maps discovered:
D:1:      dreamdust_arrival_beginning_and_end, layout_basic
D:2:      layout_loops_corners, ebering_ecumenical_altar_webs
D:3:      minmay_roachtagon, layout_basic, minmay_crystal_water, uniq_jessica

Skill      XL: |  1  2  3  4 |
---------------+-------------+-----
Stealth        | 3 |  3.5
Fighting       | 4 |  4.2
Unarmed Combat | 4 |  4.2
Dodging        | 5 |  5.0

Action                   |  1- 3 |  4- 6 || total
-------------------------+-------+-------++-------
Melee: Unarmed           |   150 |    90 ||   240
       Punch             |     8 |     2 ||    10
 Stab: Sleeping          |     6 |     1 ||     7
       Distracted        |     1 |       ||     1
Armor: Robe              |    18 |     8 ||    26
Dodge: Dodged            |   111 |    89 ||   200

Table legend: (Time is in decaauts)
 A = Elapsed time spent in this place.
 B = Non-inter-level travel time spent in this place.
 C = Inter-level travel time spent in this place.
 D = Time resting spent in this place.
 E = Time spent auto-exploring this place.
 F = Levels seen in this place.
 G = Mean time per level.
                   A        B        C        D        E       F      G
               +--------+--------+--------+--------+--------+-----+--------+
         Total |   2880 |   2822 |     58 |     66 |   2318 |   3 |  960.0 |
       Dungeon |   2880 |   2822 |     58 |     66 |   2318 |   3 |  960.0 |
               +--------+--------+--------+--------+--------+-----+--------+

Top non-repeatable levels by time:
     D:3: 1131 daAuts
     D:2: 971 daAuts
     D:1: 777 daAuts
